[Event "Titled Tuesday Blitz October 31 Late 2023"]
[White "Alexandre, Anne Shopie Elizabeth"]
[Black "Schnaider, Ilan"]
[WhiteFideId "11902418"]
[BlackFideId "169013"]
[WhiteElo "2846"]
[BlackElo "2740"]
[Result "1/2-1/2"]
[Round "7"]
[TimeControl "180+1"]
[Date "2023.10.31"]
[WhiteClock "0:01:48"]
[BlackClock "0:00:27"]
[Board "18"]

1. e4 c5 2. Nf3 d6 3. Bb5+ Bd7 4. c4 Nf6 5. Nc3 e5 6. Bxd7+ Qxd7 7. d3 Be7 8. O-O Nc6 9. a3 Bd8 10. Rb1 a5 11. b3 Ng8 12. Bd2 Nge7 13. Ne2 Ng6 14. b4 axb4 15. axb4 O-O 16. bxc5 dxc5 17. Be3 Nd4 18. Nc3 Nxf3+ 19. Qxf3 Qxd3 20. Bxc5 Qxf3 21. gxf3 Re8 22. Rxb7 Rc8 23. Be3 Rxc4 24. Nb5 Rf8 25. Nd6 Rc7 26. Rb8 Be7 27. Rxf8+ Bxf8 28. Nf5 Ne7 29. Nxe7+ Bxe7 30. Rb1 f6 31. Kg2 Kf7 32. f4 Bd6 33. fxe5 Bxe5 34. h3 g5 35. Kf3 Kg6 36. Rd1 h5 37. Kg2 Rc2 38. Kf3 Rc7 39. Kg2 Rc2 40. Kf3 Rc7 1/2-1/2


[Site "https://www.chess.com"]

[Event "Titled Tuesday Blitz October 31 Late 2023"]
[White "Zakhartsov, Vladimir"]
[Black "maksimys18"]
[WhiteFideId "4145097"]
[WhiteElo "2828"]
[BlackElo "2539"]
[Result "1-0"]
[Round "7"]
[TimeControl "180+1"]
[Date "2023.10.31"]
[WhiteClock "0:00:48"]
[BlackClock "0:00:05"]
[Board "19"]

1. d4 e6 2. e4 d5 3. Nd2 Nf6 4. Bd3 c5 5. e5 Nfd7 6. c3 Nc6 7. Ne2 cxd4 8. cxd4 f6 9. exf6 Nxf6 10. Nf3 Bd6 11. O-O Qc7 12. Bg5 O-O 13. Qc2 h6 14. Bh4 Nb4 15. Qxc7 Bxc7 16. Bg6 Bd7 17. Nc3 Be8 18. Bxe8 Raxe8 19. Bg3 Bxg3 20. hxg3 Nd7 21. Rad1 Nc6 22. Rfe1 Re7 23. Re3 Rfe8 24. Rde1 Kf7 25. Nb5 Kf6 26. Nc7 g5 27. Nxe8+ Rxe8 28. g4 Nb6 29. b3 Nc8 30. Rd3 Nd6 31. Ne5 Ne4 32. Rf3+ Kg7 33. Rf7+ Kg8 34. Rxb7 Nxd4 35. f3 Nc3 36. Rxa7 Rd8 37. Kf2 Ndb5 38. Rd7 Ra8 39. a4 Nd4 40. Rh1 Nxb3 41. Rxh6 Rf8 42. Rg6+ Kh8 43. Rgg7 Rf6 44. Rh7+ Kg8 45. Rdg7+ Kf8 46. Nd7+ Ke8 47. Rg8+ Rf8 48. Rxf8# 1-0


[Site "https://www.chess.com"]

[Event "Titled Tuesday Blitz October 31 Late 2023"]
[White "Sivakumar, Shaaketh"]
[Black "Hakobyan, Aram"]
[WhiteFideId "30940176"]
[BlackFideId "13306677"]
[WhiteElo "2613"]
[BlackElo "3046"]
[Result "1-0"]
[Round "7"]
[TimeControl "180+1"]
[Date "2023.10.31"]
[WhiteClock "0:00:55"]
[BlackClock "0:00:00"]
[Board "20"]

1. e4 c5 2. Nf3 Nc6 3. Bb5 e6 4. O-O Nge7 5. Re1 a6 6. Bf1 Nd4 7. c3 Nxf3+ 8. Qxf3 Nc6 9. b3 Be7 10. Bb2 O-O 11. d4 cxd4 12. cxd4 Nb4 13. Qc3 d5 14. e5 Nc6 15. Qh3 f6 16. Bd3 g6 17. Qh6 Qe8 18. Nd2 fxe5 19. dxe5 Qf7 20. Nf3 Bd7 21. Rad1 Rac8 22. Kh1 Qf4 23. Qh3 Nb4 24. Bb1 Rc7 25. Rd4 Qf7 26. Rg4 Rfc8 27. Qh5 Be8 28. Qh6 Nc2 29. Rf1 Bb5 30. Rc1 Be2 31. Ng5 Bxg5 32. Rxg5 Bd3 33. Qh3 Nb4 34. Rxc7 Qxc7 35. Qxe6+ Kf8 36. Qf6+ Kg8 37. Qe6+ Kf8 38. h4 Bxb1 39. Qf6+ Ke8 40. e6 Qe7 41. Qh8+ Qf8 42. Qxh7 Qe7 43. Qh6 Qf8 44. Qh7 Qe7 45. Bg7 Rc1+ 46. Kh2 Qxe6 47. Re5 Qxe5+ 48. Bxe5 Nc6 49. Qg8+ Kd7 50. Qf7+ Kd8 51. Bd6 Re1 52. Qxd5 1-0


[Site "https://www.chess.com"]

[Event "Titled Tuesday Blitz October 31 Late 2023"]
[White "Terry, Renato"]
[Black "Piesik, Piotr"]
[WhiteFideId "3803457"]
[BlackFideId "1136194"]
[WhiteElo "3003"]
[BlackElo "2669"]
[Result "0-1"]
[Round "7"]
[TimeControl "180+1"]
[Date "2023.10.31"]
[WhiteClock "0:00:09"]
[BlackClock "0:00:16"]
[Board "21"]

1. d4 d5 2. Nf3 Nf6 3. c4 c6 4. Nc3 dxc4 5. a4 Bf5 6. Ne5 Nbd7 7. Nxc4 Nb6 8. Ne5 a5 9. e3 Nfd7 10. Nxf7 Kxf7 11. Qf3 e6 12. g4 g6 13. e4 Nf6 14. gxf5 exf5 15. exf5 Qxd4 16. fxg6+ hxg6 17. Be3 Re8 18. Be2 Qb4 19. O-O-O Bc5 20. Rhf1 Kg7 21. Kb1 Re6 22. Na2 Qe4+ 23. Qxe4 Nxe4 24. Bg4 Bxe3 25. fxe3 Rd6 26. h3 Nd2+ 27. Kc1 Nxf1 28. Rxd6 Nxe3 29. Nc3 Nxg4 30. hxg4 Rh1+ 31. Kc2 Rh2+ 32. Kc1 Rxb2 33. Re6 Rb4 34. g5 Nxa4 35. Ne2 Nc5 36. Re7+ Kf8 37. Rh7 Rg4 38. Kd2 Rxg5 39. Nf4 Rg3 40. Ke2 g5 41. Ng6+ Ke8 42. Kf2 Rc3 43. Rh8+ Kd7 44. Ra8 a4 45. Ke2 a3 46. Kd2 Ne4+ 47. Ke2 Ke6 48. Ra4 Nc5 49. Ra8 Kd5 50. Ne7+ Kc4 51. Nf5 Kb3 0-1


[Site "https://www.chess.com"]

[Event "Titled Tuesday Blitz October 31 Late 2023"]
[White "Elsa167"]
[Black "Al-Tarboush, Ward"]
[BlackFideId "7601450"]
[WhiteElo "2952"]
[BlackElo "2662"]
[Result "1-0"]
[Round "7"]
[TimeControl "180+1"]
[Date "2023.10.31"]
[WhiteClock "0:00:09"]
[BlackClock "0:00:12"]
[Board "22"]

1. e4 c5 2. Nf3 e6 3. d3 Nc6 4. g3 d6 5. Bg2 Nf6 6. O-O Be7 7. Re1 O-O 8. c3 Bd7 9. d4 d5 10. e5 Ne4 11. Nbd2 Nxd2 12. Bxd2 Qb6 13. Kh1 Rac8 14. Rb1 cxd4 15. cxd4 Nb4 16. Qb3 a5 17. Bc3 a4 18. Qd1 Nxa2 19. Bf1 Nxc3 20. bxc3 Qa7 21. Qc2 a3 22. Bd3 g6 23. h4 Qa5 24. Rec1 Rc7 25. h5 Kg7 26. hxg6 hxg6 27. Kg2 Rfc8 28. Qd2 Rh8 29. Nh2 b5 30. Ng4 Qa7 31. Rh1 Rcc8 32. Rh6 b4 33. Rbh1 Qa8 34. Qf4 Rcg8 35. Nf6 a2 36. Rh7+ Rxh7 37. Rxh7+ Kf8 38. Nxd7+ Ke8 39. Qxf7+ Kd8 40. Qxe7+ Kc7 41. Qd6+ Kb7 42. Nc5+ Kc8 43. Qc7# 1-0


[Site "https://www.chess.com"]

[Event "Titled Tuesday Blitz October 31 Late 2023"]
[White "Cordova, Emilio"]
[Black "Goltsev, Dmitry"]
[WhiteFideId "3801497"]
[BlackFideId "24176710"]
[WhiteElo "2915"]
[BlackElo "2661"]
[Result "1-0"]
[Round "7"]
[TimeControl "180+1"]
[Date "2023.10.31"]
[WhiteClock "0:01:59"]
[BlackClock "0:00:00"]
[Board "23"]

1. d4 e6 2. c4 b6 3. a3 Nf6 4. Nc3 Bb7 5. Bg5 Be7 6. Qc2 h6 7. Bh4 d5 8. Nf3 Nbd7 9. Rd1 O-O 10. e3 Ne4 11. Bg3 c5 12. cxd5 exd5 13. dxc5 Ndxc5 14. Bd3 Nxd3+ 15. Qxd3 Bf6 16. Be5 Re8 17. Bxf6 Qxf6 18. Qd4 Qg6 19. O-O Rac8 20. Nxd5 Rc5 21. Ne7+ Rxe7 22. Qd8+ Kh7 23. Qxe7 Ba8 24. Rd8 Nd2 25. Nh4 Qxg2+ 26. Nxg2 Nf3+ 27. Kh1 Rh5 28. Qc7 1-0


[Site "https://www.chess.com"]

[Event "Titled Tuesday Blitz October 31 Late 2023"]
[White "Luczak, Filip"]
[Black "Vasquez Schroeder, Rodrigo"]
[WhiteFideId "1193686"]
[BlackFideId "3400042"]
[WhiteElo "2658"]
[BlackElo "2874"]
[Result "1-0"]
[Round "7"]
[TimeControl "180+1"]
[Date "2023.10.31"]
[WhiteClock "0:00:12"]
[BlackClock "0:00:30"]
[Board "24"]

1. b3 d5 2. Bb2 c5 3. e3 a6 4. Nf3 Bg4 5. h3 Bh5 6. Be2 Nc6 7. O-O e6 8. d4 Nf6 9. Nbd2 Be7 10. dxc5 Bxc5 11. c4 O-O 12. Rc1 Ba7 13. cxd5 exd5 14. Ne5 Bxe2 15. Nxc6 bxc6 16. Qxe2 Qd6 17. Rfd1 Bb8 18. Nf3 Rc8 19. Be5 Qe6 20. Bxb8 Raxb8 21. Qxa6 Ra8 22. Qe2 Ne4 23. Nd4 Qf6 24. Rc2 c5 25. Nb5 Qe6 26. Nc3 Nf6 27. Rcd2 Rd8 28. Qf3 g6 29. Nxd5 Nxd5 30. Rxd5 Rxd5 31. Qxd5 Rxa2 32. Qxe6 fxe6 33. Rd8+ Kg7 34. Rd7+ Kg8 35. Re7 Rb2 36. Rxe6 Rxb3 37. Rc6 Rc3 38. Rc7 h5 39. h4 Rc4 40. g3 Rc2 41. Kg2 Kf8 42. Kf3 c4 43. e4 Kg8 44. Ke3 Kf8 45. f3 Rc3+ 46. Kf4 Ke8 47. Rg7 Rd3 48. Rxg6 Kd7 49. Rg5 Kd6 50. Rd5+ Rxd5 51. exd5 Kxd5 52. Ke3 Ke5 53. g4 Kd5 54. g5 Ke5 55. f4+ Kf5 56. Kd4 1-0


[Site "https://www.chess.com"]

[Event "Titled Tuesday Blitz October 31 Late 2023"]
[White "Schwabeneder, Florian"]
[Black "Gokerkan, Cem Kaan"]
[WhiteFideId "1626191"]
[BlackFideId "6336760"]
[WhiteElo "2656"]
[BlackElo "2859"]
[Result "0-1"]
[Round "7"]
[TimeControl "180+1"]
[Date "2023.10.31"]
[WhiteClock "0:00:02"]
[BlackClock "0:00:32"]
[Board "25"]

1. e4 e5 2. Nf3 Nf6 3. Nxe5 d5 4. d4 Nxe4 5. Bd3 Nd7 6. Nd2 Nxe5 7. dxe5 Nc5 8. Be2 Be7 9. O-O O-O 10. Nb3 Bf5 11. Be3 Nxb3 12. axb3 Re8 13. Bf3 c6 14. Re1 Bg5 15. Qd2 Bxe3 16. Rxe3 Qg5 17. Qb4 Bxc2 18. Qxb7 d4 19. Ree1 d3 20. Qxc6 Rac8 21. Qa6 d2 22. Rf1 Qxe5 23. Bd1 Bg6 24. Bf3 Rcd8 25. Qxa7 Qxb2 26. Qa3 Qxa3 27. Rxa3 Re1 28. Ra1 Rxa1 29. Rxa1 Bc2 30. Bd1 Re8 31. f3 Bxd1 0-1


[Site "https://www.chess.com"]

[Event "Titled Tuesday Blitz October 31 Late 2023"]
[White "Matinian, Nikita"]
[Black "Kamsky, Gata"]
[WhiteFideId "24129100"]
[BlackFideId "2000024"]
[WhiteElo "2646"]
[BlackElo "2827"]
[Result "0-1"]
[Round "7"]
[TimeControl "180+1"]
[Date "2023.10.31"]
[WhiteClock "0:00:00"]
[BlackClock "0:00:09"]
[Board "26"]

1. e4 c5 2. Nf3 e6 3. d4 cxd4 4. Nxd4 a6 5. Nc3 b5 6. Bd3 Qb6 7. Nb3 Qc7 8. O-O Nc6 9. Re1 Nf6 10. Nd5 exd5 11. exd5+ Ne5 12. f4 d6 13. fxe5 dxe5 14. Qf3 Bd6 15. Bg5 Nd7 16. Kh1 O-O 17. Qh5 g6 18. Qh6 f5 19. Re3 Rf7 20. Rf1 Nb6 21. Rh3 Nxd5 22. Nd2 e4 23. Be2 Be6 24. c3 Re8 25. Nb3 f4 26. Nd4 Bxh3 27. Qxh3 f3 28. gxf3 Bf4 29. fxe4 Bxg5 30. exd5 Rxf1+ 31. Bxf1 Qe5 32. Qg2 Qe4 33. Ne6 Qxg2+ 34. Kxg2 Bf6 35. c4 bxc4 36. Bxc4 Kf7 37. Nc7 Rb8 38. d6+ Kf8 39. Ne6+ Ke8 40. Nc5 Rxb2+ 41. Kf3 Rc2 42. d7+ Ke7 0-1


[Site "https://www.chess.com"]

[Event "Titled Tuesday Blitz October 31 Late 2023"]
[White "reevecanada"]
[Black "Kobo, Ori"]
[BlackFideId "2812320"]
[WhiteElo "2641"]
[BlackElo "2812"]
[Result "0-1"]
[Round "7"]
[TimeControl "180+1"]
[Date "2023.10.31"]
[WhiteClock "0:00:06"]
[BlackClock "0:00:34"]
[Board "27"]

1. e4 c5 2. Nf3 g6 3. d4 cxd4 4. Qxd4 Nf6 5. Bb5 a6 6. e5 axb5 7. exf6 Nc6 8. Qd3 exf6 9. O-O Bg7 10. Re1+ Ne5 11. Qd6 Ra6 12. Qb4 Re6 13. Nd4 Re7 14. Nxb5 O-O 15. Be3 f5 16. Bc5 Re6 17. Bxf8 Bxf8 18. Qd2 Nc4 19. Qc1 Bh6 20. Re3 Nxe3 21. Kh1 Ng4 22. Qf1 Qb6 23. h3 Nxf2+ 24. Kh2 Qe3 25. g3 Qf3 26. Nd2 Bxd2 27. Nd4 Qe3 28. Nxe6 dxe6 29. Qc4 Bd7 30. Qc7 Bc6 31. Rg1 Qe2 32. Qb8+ Kg7 33. Rg2 Ng4+ 34. hxg4 Qxg2# 0-1


[Site "https://www.chess.com"]

[Event "Titled Tuesday Blitz October 31 Late 2023"]
[White "Manukyan, Sargis A."]
[Black "Troff, Kayden"]
[WhiteFideId "13303970"]
[BlackFideId "2047896"]
[WhiteElo "2637"]
[BlackElo "2782"]
[Result "0-1"]
[Round "7"]
[TimeControl "180+1"]
[Date "2023.10.31"]
[WhiteClock "0:00:10"]
[BlackClock "0:01:07"]
[Board "28"]

1. d4 Nf6 2. c4 g6 3. Nc3 d5 4. Bf4 Bg7 5. e3 O-O 6. Rc1 c5 7. dxc5 Qa5 8. cxd5 Rd8 9. Bc4 Be6 10. Qa4 Qxa4 11. Nxa4 Nxd5 12. Bxb8 Raxb8 13. Ne2 Nb4 14. Nf4 Bxc4 15. Rxc4 Nxa2 16. Ke2 b5 17. cxb6 axb6 18. Rc7 e5 19. Nd3 e4 20. Nc1 Nb4 21. Rc4 b5 22. Rxb4 bxa4 23. Rxe4 Rxb2+ 24. Kf3 a3 25. Ne2 Ra8 26. Nd4 a2 27. Ra1 Bxd4 28. Rxd4 Rb1 29. Rd1 Rxd1 30. Rxd1 a1=Q 31. Rxa1 Rxa1 32. h4 h5 33. g3 Kg7 34. Kf4 Ra2 35. f3 f6 36. e4 Ra3 37. g4 hxg4 38. fxg4 Ra5 39. h5 gxh5 40. e5 Rxe5 41. gxh5 Rxh5 42. Kg4 Rg5+ 43. Kf4 Kg6 44. Kf3 Kf5 0-1


[Site "https://www.chess.com"]

[Event "Titled Tuesday Blitz October 31 Late 2023"]
[White "Haydon, David L"]
[Black "Darini, Pouria"]
[WhiteFideId "415405"]
[BlackFideId "12502200"]
[WhiteElo "2626"]
[BlackElo "2748"]
[Result "1-0"]
[Round "7"]
[TimeControl "180+1"]
[Date "2023.10.31"]
[WhiteClock "0:00:55"]
[BlackClock "0:00:05"]
[Board "29"]

1. d4 Nf6 2. c4 e6 3. Nc3 Bb4 4. Bd2 O-O 5. Nf3 d5 6. e3 b6 7. Qc2 Bb7 8. Be2 dxc4 9. Bxc4 c5 10. dxc5 Bxc5 11. O-O Nbd7 12. Be2 Rc8 13. Rad1 a6 14. a3 b5 15. Qb1 Ba7 16. Ng5 h6 17. Bf3 Bxf3 18. Nxf3 Qc7 19. Rc1 Qb7 20. Rfd1 Nc5 21. Be1 Nb3 22. Rc2 a5 23. a4 bxa4 24. Nxa4 Nd5 25. Rxc8 Rxc8 26. Nc3 Nb4 27. Ne4 Qc6 28. Bxb4 axb4 29. Ne5 Qc2 30. Rd8+ Kh7 31. Qxc2 Rxc2 32. g4 f5 33. Nd6 Rxb2 34. Ndf7 g5 35. Rd7 Bxe3 36. fxe3 Rb1+ 37. Kg2 Rb2+ 38. Kg3 Nd2 39. Nxg5+ Kg8 40. Nxe6 Nf1+ 41. Kf3 Nxh2+ 42. Kf4 Rf2+ 43. Kg3 Nxg4 44. Rg7+ Kh8 45. Ng6# 1-0


[Site "https://www.chess.com"]

[Event "Titled Tuesday Blitz October 31 Late 2023"]
[White "Alex_Sahakyan2006"]
[Black "Karamsetty, Jeevan"]
[BlackFideId "2025337"]
[WhiteElo "2746"]
[BlackElo "2608"]
[Result "0-1"]
[Round "7"]
[TimeControl "180+1"]
[Date "2023.10.31"]
[WhiteClock "0:00:02"]
[BlackClock "0:00:06"]
[Board "30"]

1. e4 g6 2. d4 d6 3. Nc3 Bg7 4. g3 Nf6 5. Bg2 O-O 6. Nge2 Nc6 7. d5 Nb8 8. O-O e5 9. dxe6 Bxe6 10. e5 Nfd7 11. exd6 c6 12. Nf4 Bc4 13. Re1 Na6 14. Be3 Qa5 15. Qd2 Rad8 16. Rad1 Qb4 17. Bd4 Qxd6 18. Ne4 Qxd4 19. Qxd4 Bxd4 20. Rxd4 Nb6 21. Rxd8 Rxd8 22. b3 Be6 23. Nxe6 fxe6 24. Bh3 e5 25. Ng5 h6 26. Nf3 Nb4 27. Rxe5 Kf7 28. c4 Nxa2 29. Ra5 Nc1 30. Rxa7 Rb8 31. Nd4 Kf6 32. Bf1 c5 33. Ra1 cxd4 34. Rxc1 Rd8 35. Bd3 g5 36. Ra1 Nd7 37. Kf1 Nc5 38. Ke2 Re8+ 39. Kf3 Nxd3 40. Ra7 Re7 41. Ra5 Ne1+ 42. Kg4 d3 43. Rd5 Kg6 44. h4 h5+ 45. Kh3 g4+ 46. Kh2 d2 47. Kh1 Nf3 48. Kg2 Re1 0-1


[Site "https://www.chess.com"]

[Event "Titled Tuesday Blitz October 31 Late 2023"]
[White "Harikrishnan.A.Ra"]
[Black "Bartel, Michal"]
[WhiteFideId "5081483"]
[BlackFideId "1119257"]
[WhiteElo "2740"]
[BlackElo "2606"]
[Result "0-1"]
[Round "7"]
[TimeControl "180+1"]
[Date "2023.10.31"]
[WhiteClock "0:00:03"]
[BlackClock "0:00:50"]
[Board "31"]

1. Nf3 d5 2. d4 Nd7 3. Bf4 Nb6 4. e3 Nf6 5. Bd3 Bg4 6. O-O e6 7. Nbd2 Bd6 8. c3 Bxf4 9. exf4 Qd6 10. h3 Bxf3 11. Qxf3 O-O 12. Rae1 c5 13. dxc5 Qxc5 14. Nb3 Qc7 15. Nd4 Rfe8 16. Re2 Nc4 17. Rfe1 g6 18. g3 Nd6 19. Qe3 a6 20. Kg2 b5 21. Qe5 Nd7 22. Qg5 Nc5 23. Bb1 Qd8 24. Qe5 Nc4 25. Qg5 Qxg5 26. fxg5 Na4 27. b3 Nxc3 28. bxc4 Nxe2 29. Rxe2 bxc4 30. f4 Rab8 31. Bc2 Rb2 32. a4 Reb8 33. g4 Ra2 34. f5 Rbb2 35. f6 Kf8 36. Kf3 e5 37. Rxe5 Rxc2 38. Nxc2 Rxc2 39. Rxd5 Ke8 40. Re5+ Kf8 41. Ra5 Rc3+ 42. Kf4 Rxh3 43. Rxa6 Ke8 44. Ra8+ Kd7 45. Ra7+ Ke6 46. Re7+ Kd6 47. Rxf7 Rh1 48. Rf8 Kd7 49. Ke4 Rg1 50. Ra8 Ke6 51. Ra6+ Kf7 52. Ra7+ Kf8 53. a5 Rxg4+ 54. Ke5 Rg1 55. a6 c3 56. Rc7 Ra1 57. a7 c2 58. Ke6 Ra6+ 59. Ke5 Rxa7 60. Rxc2 Ra5+ 61. Ke6 Ra6+ 62. Kd5 Ra5+ 63. Ke6 Ra6+ 64. Ke5 Ra5+ 65. Kd6 Ra6+ 66. Kd7 Ra5 67. Rc8+ Kf7 68. Rh8 Rxg5 69. Rxh7+ Kxf6 70. Rh8 Rd5+ 71. Kc6 Rd1 72. Rh2 g5 73. Rf2+ Ke5 74. Rg2 Kf4 75. Kc5 g4 76. Kc4 g3 77. Ra2 Kf3 78. Ra8 g2 79. Rf8+ Ke4 80. Rg8 g1=Q 0-1


[Site "https://www.chess.com"]

[Event "Titled Tuesday Blitz October 31 Late 2023"]
[White "Roberson, Peter T"]
[Black "Korchmar, Vasiliy"]
[WhiteFideId "412384"]
[BlackFideId "24131750"]
[WhiteElo "2603"]
[BlackElo "2739"]
[Result "0-1"]
[Round "7"]
[TimeControl "180+1"]
[Date "2023.10.31"]
[WhiteClock "0:00:00"]
[BlackClock "0:01:30"]
[Board "32"]

1. e4 c5 2. Nf3 d6 3. c3 Nf6 4. Bd3 g6 5. O-O Bg7 6. Bc2 O-O 7. h3 e5 8. d4 cxd4 9. cxd4 exd4 10. Nxd4 Nc6 11. Re1 d5 12. e5 Ne4 13. Bf4 Nxe5 14. Nc3 Nc4 15. Bb3 Nxb2 16. Qc2 Bxd4 17. Nxe4 dxe4 18. Bh6 Re8 19. Rxe4 Bf5 20. Bxf7+ Kxf7 21. Qb3+ Be6 22. Qxb7+ Kg8 0-1


[Site "https://www.chess.com"]

[Event "Titled Tuesday Blitz October 31 Late 2023"]
[White "Kozusek, Daniel"]
[Black "Gedajlovic, Max"]
[WhiteFideId "349500"]
[BlackFideId "2616840"]
[WhiteElo "2599"]
[BlackElo "2736"]
[Result "1/2-1/2"]
[Round "7"]
[TimeControl "180+1"]
[Date "2023.10.31"]
[WhiteClock "0:00:08"]
[BlackClock "0:00:05"]
[Board "33"]

1. d4 Nf6 2. c4 e6 3. Nf3 d5 4. Nc3 a6 5. c5 b6 6. cxb6 cxb6 7. Bf4 Bd6 8. Bg3 O-O 9. e3 Nc6 10. Bd3 Bb7 11. Rc1 b5 12. O-O Rc8 13. Bh4 Be7 14. Bb1 g6 15. Qe2 Ne8 16. Bxe7 Qxe7 17. h4 Nd6 18. h5 Kg7 19. e4 dxe4 20. Nxe4 Nf5 21. Nc5 Ncxd4 22. Nxd4 Rxc5 23. Bxf5 gxf5 24. Qe3 Rfc8 25. Rxc5 Rxc5 26. Rc1 Rxc1+ 27. Qxc1 Qf6 28. Qc5 Bd5 29. b3 Qe5 30. Nc6 Qe1+ 31. Kh2 Qe4 32. Qc3+ Kh6 33. Qf6+ Kxh5 34. Qxf7+ Kh6 35. Qf6+ Kh5 36. Qf7+ Kh6 37. Qf6+ Kh5 38. f3 Qh4+ 39. Qxh4+ Kxh4 40. Nb4 Bb7 41. Nd3 Kg5 42. Nc5 Bc8 43. Nd3 f4 44. Ne5 Kf5 45. Nc6 Bb7 46. Nd8 Bd5 47. Nf7 Kf6 48. Nd6 Ke5 49. Ne8 Kd4 50. Nc7 Kc3 51. Nxa6 Kb2 52. a4 bxa4 53. bxa4 Ka3 54. Nc5 Kb4 55. Nd3+ Kxa4 56. Nxf4 Bc4 57. Kg3 Kb5 58. Nh5 Kc5 59. Nf6 h6 60. Ng4 h5 61. Nf6 Kd4 62. Nxh5 e5 63. Nf6 Bd3 64. Ng4 e4 65. f4 e3 66. Kf3 Be4+ 67. Ke2 Bxg2 68. Nxe3 Be4 69. f5 Bxf5 1/2-1/2


[Site "https://www.chess.com"]

[Event "Titled Tuesday Blitz October 31 Late 2023"]
[White "Maximov, Dmitry"]
[Black "Karttunen, Mika"]
[WhiteFideId "14105659"]
[BlackFideId "502081"]
[WhiteElo "2734"]
[BlackElo "2595"]
[Result "1/2-1/2"]
[Round "7"]
[TimeControl "180+1"]
[Date "2023.10.31"]
[WhiteClock "0:00:27"]
[BlackClock "0:00:19"]
[Board "34"]

1. e4 e5 2. Nf3 Nc6 3. Bb5 Nf6 4. O-O Nxe4 5. d4 Nd6 6. a4 a6 7. Bxc6 dxc6 8. dxe5 Nf5 9. Qxd8+ Kxd8 10. a5 Be7 11. Rd1+ Ke8 12. Ra4 h5 13. Bg5 Be6 14. Bxe7 Nxe7 15. Rb4 Rb8 16. Nbd2 c5 17. Ra4 Bd5 18. Ra3 Rd8 19. Kf1 Rh6 20. Rc3 Rc6 21. Ke2 b6 22. axb6 cxb6 23. Ra1 a5 24. Nc4 Re6 25. Kf1 Bxc4+ 26. Rxc4 Nc6 27. Re1 Rd5 28. Rce4 Re7 29. c3 Nd8 30. g3 Ne6 31. h4 Red7 32. Ke2 b5 33. Ra1 a4 34. c4 bxc4 35. Rxc4 Rb7 36. Ra2 Nd4+ 37. Ke3 Nxf3 38. Kxf3 Rxe5 39. Rcxa4 Ke7 40. Ra6 g6 41. Rc6 Rb3+ 42. Kg2 Rf5 43. Rc7+ Kf8 44. Kg1 Rbf3 45. b3 Rxb3 46. Rc2 Rb5 47. Kg2 Kg7 48. Kg1 Kf8 49. Kg2 Ke8 50. Ra2 Kf8 51. Ra8+ Kg7 52. Ra2 Rb4 53. Rc2 Rb5 54. Ra2 Rb6 55. Rc2 Rb5 1/2-1/2


[Site "https://www.chess.com"]

[Event "Titled Tuesday Blitz October 31 Late 2023"]
[White "Erenberg, Ariel"]
[Black "Przybylski, Wojciech"]
[WhiteFideId "2811634"]
[BlackFideId "1117599"]
[WhiteElo "2720"]
[BlackElo "2580"]
[Result "1-0"]
[Round "7"]
[TimeControl "180+1"]
[Date "2023.10.31"]
[WhiteClock "0:01:38"]
[BlackClock "0:01:54"]
[Board "35"]

1. Nf3 Nf6 2. d4 d5 3. c4 c6 4. Nc3 e6 5. Bg5 h6 6. Bh4 dxc4 7. e4 g5 8. Bg3 b5 9. Be2 Bb7 10. O-O Nbd7 11. Ne5 h5 12. Nxd7 Qxd7 13. Be5 Qe7 14. a4 b4 15. Nb1 Rh6 16. Nd2 c3 17. bxc3 Nd7 18. Nc4 Nxe5 19. dxe5 Bg7 20. cxb4 Rd8 21. Qc2 g4 22. Rfd1 Kf8 23. Rxd8+ Qxd8 24. Rd1 Qc7 25. Qd2 Ke7 26. Qg5+ Rf6 27. Qxg7 Rxf2 28. Kxf2 1-0


[Site "https://www.chess.com"]

[Event "Titled Tuesday Blitz October 31 Late 2023"]
[White "Hamitevici, Vladimir"]
[Black "Jaskolka, Tomasz"]
[WhiteFideId "13902393"]
[BlackFideId "1170791"]
[WhiteElo "2718"]
[BlackElo "2580"]
[Result "1-0"]
[Round "7"]
[TimeControl "180+1"]
[Date "2023.10.31"]
[WhiteClock "0:00:15"]
[BlackClock "0:00:02"]
[Board "36"]

1. a3 d5 2. d3 Nf6 3. g3 e5 4. Bg2 c6 5. Nf3 Bd6 6. Nc3 h6 7. O-O Be6 8. e4 d4 9. Ne2 O-O 10. Nd2 Nbd7 11. h3 Re8 12. f4 Nf8 13. Nf3 exf4 14. gxf4 Bc5 15. b4 Bb6 16. Kh1 a5 17. Bb2 axb4 18. axb4 Qe7 19. Rxa8 Rxa8 20. Bxd4 Bxd4 21. Nfxd4 Qxb4 22. Qb1 Qxb1 23. Rxb1 Bc8 24. e5 N6d7 25. Nf5 Nc5 26. Ne7+ Kh7 27. d4 Nce6 28. Nxc8 Rxc8 29. Rxb7 c5 30. d5 Nd4 31. Nxd4 cxd4 32. Rxf7 Ng6 33. Be4 Rc3 34. d6 Rxh3+ 35. Kg2 Re3 36. Bd3 Kg8 37. Bxg6 h5 38. d7 1-0


[Site "https://www.chess.com"]

[Event "Titled Tuesday Blitz October 31 Late 2023"]
[White "Tologon tegin, Semetei"]
[Black "BardArtem"]
[WhiteFideId "13800574"]
[WhiteElo "2549"]
[BlackElo "2715"]
[Result "0-1"]
[Round "7"]
[TimeControl "180+1"]
[Date "2023.10.31"]
[WhiteClock "0:00:00"]
[BlackClock "0:00:06"]
[Board "37"]

1. Nc3 d5 2. d4 Nf6 3. Bf4 c5 4. e3 cxd4 5. exd4 a6 6. Bd3 Nc6 7. Nge2 Bg4 8. f3 Bh5 9. g4 Bg6 10. h4 Bxd3 11. Qxd3 e6 12. h5 h6 13. O-O-O Bd6 14. Qe3 Rc8 15. Kb1 Bxf4 16. Nxf4 Qd6 17. Nce2 b5 18. Rhg1 Na5 19. b3 Nh7 20. Nd3 O-O 21. f4 f6 22. Rge1 Rc6 23. Ng1 Qa3 24. Nf3 Rfc8 25. Re2 Nc4 26. bxc4 bxc4 27. Nb2 c3 28. Nd3 Nf8 29. Qc1 Qa5 30. Ka1 Rc4 31. Qb1 Ra4 32. Qb3 Rb8 33. Rb1 Rxb3 34. cxb3 Ra3 35. Rc2 Nd7 36. b4 Qa4 37. Rbc1 Nb6 38. Nc5 Qxb4 39. Nxe6 Nc4 40. f5 Qb2+ 41. Rxb2 cxb2+ 42. Kb1 bxc1=Q+ 43. Kxc1 Rxf3 44. Nc5 Rf2 45. a4 Rg2 46. Nxa6 Rxg4 47. Nc7 Rxd4 48. Kc2 Rh4 49. Kc3 Rxh5 50. Nxd5 Nd6 51. a5 Rh3+ 52. Kb4 Nc8 53. a6 Kf8 54. Nc7 Rh1 55. Ne6+ Kg8 56. Nc5 Ra1 57. Kb5 h5 58. Kc6 h4 59. Kc7 h3 60. Kxc8 h2 61. Nd7 h1=Q 62. Nxf6+ gxf6 0-1


[Site "https://www.chess.com"]

[Event "Titled Tuesday Blitz October 31 Late 2023"]
[White "Tanenbaum, Zachary"]
[Black "Gurevich, Dmitry"]
[WhiteFideId "2060850"]
[BlackFideId "2000407"]
[WhiteElo "2709"]
[BlackElo "2546"]
[Result "1/2-1/2"]
[Round "7"]
[TimeControl "180+1"]
[Date "2023.10.31"]
[WhiteClock "0:00:08"]
[BlackClock "0:00:04"]
[Board "38"]

1. e4 c5 2. Nf3 d6 3. d4 cxd4 4. Nxd4 Nf6 5. Nc3 Nc6 6. Bg5 e6 7. Bb5 Bd7 8. Qd3 Nxd4 9. Bxd7+ Qxd7 10. Qxd4 Be7 11. O-O-O O-O 12. e5 Nd5 13. Bxe7 Qxe7 14. Nxd5 exd5 15. exd6 Qxd6 16. Qxd5 Qb6 17. Qd4 Qa5 18. Kb1 Rac8 19. h4 Rc6 20. h5 h6 21. Rh3 Rf6 22. Rg3 Qxh5 23. Re1 Qf5 24. Rf3 Re6 25. Rd1 Qa5 26. Ra3 Qg5 27. Rg3 Qf6 28. Qxa7 Rb6 29. Rb3 Rd8 30. Rc1 Rxb3 31. axb3 Qc6 32. f3 Rd2 33. Qb8+ Kh7 34. Qf4 Qd5 35. g4 f6 36. b4 Rd4 37. Qf5+ Qxf5 38. gxf5 Rxb4 39. c4 Rb3 40. Rd1 Rxf3 41. Rd7 h5 42. Rxb7 h4 43. Rd7 h3 44. Rd2 Rxf5 45. b4 Rf4 46. Rh2 Rxc4 47. Rxh3+ Kg8 48. Rb3 Rc6 49. b5 Rb6 50. Kc2 Kf7 51. Kc3 Ke6 52. Kb4 Kd6 53. Ka5 Rb8 54. b6 Kc6 55. Rc3+ Kd7 56. Rc7+ Kd6 57. Rxg7 f5 58. Ka6 Ke5 59. Ka7 Rd8 60. b7 f4 61. Re7+ Kf6 62. Rc7 Kf5 63. Rc8 Rd7 64. Kb6 Rxb7+ 65. Kxb7 f3 66. Kc6 Ke4 67. Rf8 Ke3 68. Kd5 f2 69. Re8+ Kf3 70. Rf8+ Ke2 71. Re8+ Kd2 72. Rf8 Ke2 73. Re8+ Kd2 74. Rf8 Ke2 1/2-1/2


[Site "https://www.chess.com"]